 Dungeon Crawl Stone Soup version 0.29.1-12-g30fa7ad0bf (webtiles) character file.

Game seed: 11084624997346720362

142 croobank the Conjurer (level 5, -11/38 HPs)
             Began as a Demonspawn Conjurer on Dec 23, 2022.
             Killed by divine providence
             ... invoked by an orc priest
              (14 damage)
             ... on level 4 of the Dungeon.
             The game lasted 00:08:55 (3245 turns).

croobank the Conjurer (Demonspawn Conjurer)         Turns: 3245, Time: 00:08:56

Health: -11/38     AC:  3    Str: 11    XL:     5   Next: 4%
Magic:  9/9        EV: 12    Int: 21    God:
Gold:   166        SH:  0    Dex: 12    Spells: 3/9 levels left

rFire   . . .      SeeInvis .   r - +10 hand axe "Iney" {venom, rPois Str+4}
rCold   . . .      Faith    .   (no shield)
rNeg    . . .      Spirit   .   a - +0 robe
rPois   +          Reflect  .   (no helmet)
rElec   .          Harm     .   (no cloak)
rCorr   .          Rampage  .   (gloves unavailable)
Will    .....                   (no boots)
Stlth   ++........              (no amulet)
HPRegen 0.12/turn               (no ring)
MPRegen 0.11/turn               (no ring)

@: mighty
A: rugged brown scales 1, demonic touch 3
a: no special abilities


You were on level 4 of the Dungeon.
You visited 1 branch of the dungeon, and saw 4 of its levels.

You collected 166 gold pieces.

Inventory:

Hand Weapons
 d - a +0 short sword
 k - a +3 dagger of venom
 n - a +0 long sword
 r - the +10 hand axe "Iney" (weapon) {venom, rPois Str+4}
   (You found it on level 2 of the Dungeon)

   It poisons the flesh of those it strikes.
   Str:       It affects your strength (+4).
   rPois:     It protects you from poison.
Missiles
 i - 2 curare-tipped darts (quivered)
 t - 4 atropa-tipped darts
Armour
 a - a +0 robe (worn)
Jewellery
 f - a ring of flight
 g - a +6 ring of strength
Scrolls
 j - a scroll of amnesia {unknown}
 l - a scroll of teleportation
 u - a scroll of silence {unknown}
Potions
 b - a potion of magic
 e - a potion of mutation
 h - a potion of brilliance {unknown}
 m - 2 potions of curing {unknown}
 o - a potion of berserk rage {unknown}
 p - 2 potions of heal wounds {unknown}
 q - a potion of degeneration {unknown}
 s - 2 potions of lignification {unknown}
 v - a potion of resistance {unknown}


   Skills:
 + Level 1.0 Fighting
 + Level 0.9 Axes
 + Level 2.6 Dodging
 + Level 2.8 Stealth
 + Level 2.7 Spellcasting
 + Level 4.6 Conjurations


You had 3 spell levels left.
You knew the following spells:

 Your Spells              Type           Power      Damage    Failure   Level
a - Magic Dart            Conj           88%        1d7       1%          1
b - Searing Ray           Conj           44%        2d6       3%          2
c - Dazzling Flash        Conj/Hex       24%        N/A       16%         3

Your spell library contained the following spells:

 Spells                   Type           Power      Damage    Failure   Level
 Summon Small Mammal      Summ           8%         N/A       14%         1
 Call Canine Familiar     Summ           2%         N/A       38%         3
 Summon Guardian Golem    Hex/Summ       2%         N/A       38%         3
 Fulminant Prism          Conj/Hex       6%         3d7       47%         4
 Iskenderun's Mystic Bla  Conj/Tloc      12%        2d5       47%         4


Dungeon Overview and Level Annotations

Branches:
Dungeon (4/15)
 Temple: D:4-7

Altars:

Shops:
D:1 [

Annotations:
D:2 1 runed translucent door, Crazy Yiuf


Innate Abilities, Weirdness & Mutations

You are partially covered in rugged brown scales. (AC +1, +3% HP)
Your touch may irresistibly damage your foes and sap their willpower.


Message History

Things that are here:
a +0 club; an orc corpse You are too injured to fight recklessly!
You are too injured to fight recklessly!
You are too injured to fight recklessly!
You are too injured to fight recklessly!
You are too injured to fight recklessly!
You are too injured to fight recklessly!
You barely miss the gnoll.
You touch the gnoll!
You kill the gnoll!
You hit the gnoll.
You kill the gnoll!
An orc priest is nearby!
An orc comes into view. It is wielding a +0 hand axe.
The orc priest calls down the wrath of Beogh upon you.
Beogh smites you!
* * * LOW HITPOINT WARNING * * *
There is an open door here.
As you close the door, it creaks loudly!
You start resting.
Something unseen opens the door.
You close the door.
Something unseen opens the door.
You feel very mighty all of a sudden.
A gnoll comes into view. It is wielding a +0 halberd.
The orc shouts!
The gnoll shouts!
The orc drinks a potion.
The orc seems to speed up.
The gnoll barely misses you.
You barely miss the gnoll. The gnoll closely misses you.
You hit the gnoll.
The gnoll is poisoned.
You touch the gnoll!
You kill the gnoll!
Your Fighting skill increases to level 1!
You have reached level 5!
Your demonic ancestry asserts itself...
Rugged brown scales grow over part of your body.
The orc hits you with a +0 hand axe.
* * * LOW HITPOINT WARNING * * *
A gnoll comes into view. It is wielding a +0 whip.
The orc priest mumbles some strange prayers to Beogh against you.
Beogh smites you!
You die...

~≈~≈~....)≈~~~
≈≈≈≈~....≈≈≈≈≈
~~~~~....~~~~~
..............
#########''''#####
#....)..#....#
#.......#....#
#......)'....+
#@############
#o).....#
#))......
#........
g.......#
..######## ..$ o
####


You could see an orc priest, a gnoll (wandering) and an orc (fast).

Vanquished Creatures
  Jessica (D:3)
  4 gnolls (D:4)
  2 adders (D:2)
  A dart slug (D:1)
  4 orcs (D:4)
  4 bats
  4 endoplasms
  2 giant cockroaches
  4 goblins
  4 hobgoblins
  3 jackals (D:4)
  7 kobolds
  A quokka (D:3)
  7 ball pythons
  2 frilled lizards (D:2)
  4 rats
54 creatures vanquished.

Notes
Turn   | Place    | Note
-------+----------+-------------------------------------------
     0 | D:1      | croobank the Demonspawn Conjurer began the quest for the
                  | Orb.
     0 | D:1      | Reached XP level 1. HP: 13/13 MP: 3/3
   328 | D:1      | Found Moiteil's Antique Armour Shoppe.
   350 | D:1      | Gained mutation: Your touch may inflict minor irresistible
                  | damage on your foes. [demonic ancestry]
   350 | D:1      | Reached XP level 2. HP: 19/19 MP: 1/5
   353 | D:1      | Learned a level 2 spell: Searing Ray
  1417 | D:2      | Gained mutation: Your touch may inflict irresistible damage
                  | on your foes. [demonic ancestry]
  1417 | D:2      | Reached XP level 3. HP: 24/24 MP: 6/6
  1663 | D:2      | Identified the +10 hand axe "Iney" {venom, rPois Str+4}
  1910 | D:2      | Found a runed translucent door.
  1911 | D:2      | Noticed Crazy Yiuf
  2543 | D:3      | Learned a level 3 spell: Dazzling Flash
  2668 | D:3      | Noticed Jessica
  2671 | D:3      | Killed Jessica
  2672 | D:3      | Gained mutation: Your touch may irresistibly damage your
                  | foes and sap their willpower. [demonic ancestry]
  2672 | D:3      | Reached XP level 4. HP: 31/31 MP: 7/7
  3245 | D:4      | Reached skill level 1 in Fighting
  3245 | D:4      | Gained mutation: You are partially covered in rugged brown
                  | scales. (AC +1, +3% HP) [demonic ancestry]
  3245 | D:4      | Reached XP level 5. HP: 8/38 MP: 9/9
  3245 | D:4      | Killed from afar by an orc priest

Illustrated notes

Levels and vault maps discovered:
D:1:      lightli_arrival_boilingwater, layout_basic, serial_shops, shop
D:2:      layout_basic, uniq_crazy_yiuf_cottage
D:3:      layout_basic, mainiacjoe_overflow_six_doors_small,
          nicolae_underground_beach, uniq_jessica
D:4:      lemuel_castle_with_subvaults [lemuel_castle_interior_carwin_3],
          layout_cave_pools, minmay_temple_entry_glass, chequers_garden

Skill      XL: |  1  2  3  4 |
---------------+-------------+-----
Dodging        | 2 |  2.6
Stealth        | 2 |  2.8
Fighting       | 1 |  1.0
Axes           | |  0.9
Spellcasting   | |  2.7
Conjurations   | |  4.6

Action                   |  1- 3 |  4- 6 || total
-------------------------+-------+-------++-------
Melee: Unarmed           |     2 |       ||     2
       Dagger            |    11 |       ||    11
       Touch             |     5 |     7 ||    12
       Hand axe          |    17 |    31 ||    48
 Cast: Magic Dart        |    18 |       ||    18
       Searing Ray       |     6 |       ||     6
  Use: Scroll            |     5 |     1 ||     6
       Potion            |       |     1 ||     1
 Stab: Sleeping          |     3 |     3 ||     6
Armor: Robe              |     3 |     5 ||     8
Dodge: Dodged            |    13 |    26 ||    39
